 Dungeon Crawl Stone Soup version 0.27-a0-40-g5f2be0e231 (webtiles) character file.

Game seed: 13435892893118031830

78 sideus8 the Firebug (level 4, -7/24 HPs)
             Began as a Deep Elf Fire Elementalist on Jan 5, 2021.
             Killed by nerve-wracking pain
             ... invoked by an orc priest
              (9 damage)
             ... on level 3 of the Dungeon.
             The game lasted 00:05:24 (1574 turns).

sideus8 the Firebug (Deep Elf Fire Elementalist)    Turns: 1574, Time: 00:05:24

Health: -7/24      AC:  5    Str:  5    XL:     4   Next: 15%
Magic:  0/11       EV: 13    Int: 21    God:
Gold:   122        SH:  0    Dex: 15    Spells: 3/10 levels left

rFire    + + .     SeeInvis .   (no weapon)
rCold    . . .     Faith    .   (no shield)
rNeg     . . .     Spirit   .   a - +0 robe
rPois    +         Reflect  .   (no helmet)
rElec    +         Harm     .   r - +1 cloak
rCorr    +         Rampage  .   (no gloves)
Will     .....                  g - +0 pair of boots
Stlth    ++........             (no amulet)
HPRegen  0.08/turn              h - ring of fire
MPRegen  0.12/turn              (no ring)

@: resistant
A: no striking features
a: no special abilities


You were on level 3 of the Dungeon.
You visited 1 branch of the dungeon, and saw 3 of its levels.

You collected 122 gold pieces.

Inventory:

Armour
 a - a +0 robe (worn)
 g - a +0 pair of boots (worn)
 i - a cursed +0 buckler
 o - a +0 ring mail
 r - a +1 cloak (worn)
Jewellery
 h - a ring of fire (left hand)
 l - an uncursed ring of fire
Wands
 q - a wand of paralysis (7)
Scrolls
 b - a scroll of enchant weapon
 c - a scroll of immolation
 d - 2 scrolls of blinking
 f - a scroll of remove curse
 j - a scroll of teleportation
 m - 2 scrolls of magic mapping
 n - a scroll of fear
Potions
 e - a potion of resistance
 k - 2 potions of flight
 p - a potion of heal wounds {unknown}


   Skills:
 * Level 0.4 Armour
 + Level 2.6 Dodging
 - Level 2.5 Stealth
 * Level 0.4 Shields
 + Level 3.6 Spellcasting
 + Level 2.2 Conjurations
 + Level 4.3 Fire Magic


You had 3 spell levels left.
You knew the following spells:

 Your Spells              Type           Power        Failure   Level
a - Foxfire               Conj/Fire      100%         3%          1
b - Conjure Flame         Conj/Fire      26%          10%         3
c - Inner Flame           Hex/Fire       19%          16%         3

Your spell library contained the following spells:

 Spells                   Type           Power        Failure   Level
 Sticky Flame             Conj/Fire      26%          32%         4
 Fireball                 Conj/Fire      13%          65%         5


Dungeon Overview and Level Annotations

Branches:
Dungeon (3/15)

Altars:


Message History

* * * LOW HITPOINT WARNING * * *
Casting: Foxfire (safe; 3% risk of failure)
Confirm with . or Enter, or press ? or * to list all spells.
You feel a surge of power!
You conjure some foxfire!
The foxfire hits the orc priest.
You kill the orc priest!
The foxfire hits the orc priest.
The orc priest is lightly wounded.
You have reached level 4!
You feel clever.
It was a potion of resistance.
You feel protected.
The foxfire hits the orc priest!
The orc priest is severely wounded.
The foxfire hits the gnoll.
The gnoll is heavily wounded.
The kobold throws a poisoned dart.
The poisoned dart barely misses you.
The orc priest invokes the aid of Beogh against you.
Pain shoots through your body!
You die...

***,*###.#.g,,*,******,,,,#.
*,,,,....#...,*,,,,,,,,**,##
*,,,,.......#,***********,*
*,,,,,).....#,,,,,,,,,,,,,*
****,##+#g...#**************
*,,,,...).§!.#
*,,,,......§.###########
*,,,,...o§.§§......(...#
*,,,,..K).§§@#########.#
****,#+##..§.# #.# *,*,*#....#
#.# *******,*,*####.#########.#
*,,,,,,,*,,,,,..##........#
*,************####.#############
*,* ##.##........... *,*
#...#.########## *,* #.###.#
#....


You could see an orc priest, a gnoll and a kobold.

Vanquished Creatures
  An orc priest (D:3)
  An ooze (D:2)
  A worm (D:2)
  3 leopard geckos
  2 orcs (D:3)
  A ball python (D:1)
  4 hobgoblins
  5 kobolds
  A quokka (D:3)
  3 bats (D:1)
  3 frilled lizards (D:2)
  6 goblins
  7 rats
38 creatures vanquished.

Vanquished Creatures (others)
  136 foxfires
136 creatures vanquished.

Grand Total: 174 creatures vanquished

Notes
Turn   | Place    | Note
-------+----------+-------------------------------------------
     0 | D:1      | sideus8 the Deep Elf Fire Elementalist began the quest for
                  | the Orb.
     0 | D:1      | Reached XP level 1. HP: 10/10 MP: 6/6
   256 | D:1      | Reached XP level 2. HP: 15/15 MP: 5/8
   715 | D:2      | Reached skill level 4 in Fire Magic
   790 | D:2      | Reached XP level 3. HP: 19/19 MP: 1/9
  1003 | D:2      | Learned a level 3 spell: Conjure Flame
  1007 | D:2      | Learned a level 3 spell: Inner Flame
  1574 | D:3      | Reached XP level 4. HP: 2/24 MP: 0/11
  1574 | D:3      | Killed from afar by an orc priest

Illustrated notes

Levels and vault maps discovered:
D:1:      heliophobic_arrival_battle_scene, layout_rooms, minmay_door_square,
          minmay_hexomino_u4
D:2:      layout_rooms, minmay_three_crescents
D:3:      layout_basic

Skill      XL: |  1  2  3 |
---------------+----------+-----
Fire Magic     | 4 |  4.3
Conjurations   | 2 |  2.2
Armour         | |  0.4
Dodging        | |  2.6
Stealth        | |  2.5
Shields        | |  0.4
Spellcasting   | |  3.6

Action                   |  1- 3 |  4- 6 || total
-------------------------+-------+-------++-------
 Cast: Foxfire           |    81 |       ||    81
       Conjure Flame     |     1 |       ||     1
  Use: Scroll            |     8 |       ||     8
       Potion            |     1 |     1 ||     2
Armor: Robe              |     1 |       ||     1
Dodge: Dodged            |     5 |     1 ||     6

Table legend: (Time is in decaauts)
 A = Elapsed time spent in this place.
 B = Non-inter-level travel time spent in this place.
 C = Inter-level travel time spent in this place.
 D = Time resting spent in this place.
 E = Time spent auto-exploring this place.
 F = Levels seen in this place.
 G = Mean time per level.
                   A        B        C        D        E       F      G
               +--------+--------+--------+--------+--------+-----+--------+
         Total |   1573 |   1573 |      0 |    195 |    990 |   3 |  524.3 |
       Dungeon |   1573 |   1573 |      0 |    195 |    990 |   3 |  524.3 |
               +--------+--------+--------+--------+--------+-----+--------+

Top non-repeatable levels by time:
     D:1: 708 daAuts
     D:3: 434 daAuts
     D:2: 429 daAuts
